AoeStats
← Wesesu

Arabia

510949116Analyzed
2v2 RM · 10h ago on Oct 3, 2026· 32m 48s· 4 players
Game mode
Random Map
Map size
Medium (4 player)
Population
200
Speed
Normal
Resources
Standard
Victory
Conquest
Starting age
Dark Age
Ending age
Imperial Age
RankedLock teamsTeams togetherTeam positionsShared explorationLock speedFull tech treeHidden civsTurbo modeCheats
Victory
Defeat
🇲🇽 Sicilians · Mexico
730
+18
🇨🇳 Britons · China
722
+18
🇨🇱 Romans · Chile
1000
-107
🇨🇱 Mongols · Chile
536
-9
Raphael
1:20 Loom
12:31 Feudal Age
13:00 Double-Bit Axe
16:23 Forging
16:51 Scale Mail Armor
17:07 Horse Collar
20:12 Stone Mining
20:12 Gold Mining
22:32 Fletching
27:12 Castle Age
28:29 Iron Casting
28:10 Chain Mail Armor
JOEKWAN777
10:30 Feudal Age
15:31 Castle Age
15:28 Padded Archer Armor
22:33 Double-Bit Axe
22:40 Horse Collar
27:31 Yeomen
27:07 Fletching
27:14 Gold Mining
27:15 Stone Mining
29:39 Gold Shaft Mining
29:54 Wheelbarrow
32:57 Imperial Age
30:17 Loom
31:24 Bow Saw
31:21 Heavy Plow
32:50 Hand Cart
Wesesu
17:28 Feudal Age
17:52 Horse Collar
18:49 Wheelbarrow
18:02 Double-Bit Axe
18:09 Gold Mining
18:11 Stone Mining
21:00 Man-at-Arms
26:08 Town Watch
31:03 Castle Age
32:11 Bloodlines
Kaizen
7:28 Loom
10:04 Feudal Age
10:47 Double-Bit Axe
14:26 Wheelbarrow
14:35 Bloodlines
15:13 Forging
15:05 Scale Mail Armor
16:56 Horse Collar
18:41 Man-at-Arms
22:50 Castle Age
22:31 Fletching
23:52 Hand Cart
28:00 Gold Mining
Connection lost

Rejoining the realm…

Still unreachable

The connection could not be restored.

Session expired

The server has moved on; the page needs a fresh start.